AA
WICHITA AEROS @ TULSA DRILLERS
07/14/1982
 
TOP OF THE 1ST
Wichita Aeros batting - Pitching for Tulsa Drillers : RHP Luis Garcia
Pitching: RHP Luis Garcia
Batting: RHB Dave Hoenstine 0-0: Ball
1-0: Ball
2-0: Ball
3-0: Base on Balls
Batting: RHB Mark Grady 0-0: Ball
1-0: Foul Ball, location: 2F
1-1: Foul Ball, location: 2F
1-2: Fly out, F8 (Line Drive, 8RM, EV 100.0 MPH)
Batting: RHB Cressy Pratt 0-0: Ball
1-0: Ball
2-0: Fly out, F7 (Flyball, 7LM, EV 102.5 MPH)
Batting: LHB Glenn Gulliver 0-0: Ball
1-0: Called Strike
Dave Hoenstine steals 2nd base
1-1: Foul Ball, location: 2F
1-2: Foul Ball, location: 2F
1-2: SINGLE (Line Drive, 78S, EV 110.6 MPH)
Dave Hoenstine to third
Runner from 3rd tries for Home, throw by LF and OUT! 7-2
Top of the 1st over - 0 runs, 1 hit, 0 errors, 1 left on base; Wichita 0 - Tulsa 0
BOTTOM OF THE 1ST
Tulsa Drillers batting - Pitching for Wichita Aeros : RHP Jose Torres
Pitching: RHP Jose Torres
Batting: LHB Casey Parsons 0-0: Ball
1-0: Foul Ball, location: 2F
1-1: Fly out, F6 (Popup, 6, EV 66.9 MPH)
Batting: RHB Steve Lubratich 0-0: Ground out 4-3 (Groundball, 4M, EV 108.8 MPH)
Batting: LHB Jim Adduci 0-0: Foul Ball, location: 2F
0-1: Ball
1-1: Swinging Strike
1-2: Ball
2-2: Foul Ball, location: 2F
2-2: Foul Ball, location: 2F
2-2: Foul Ball, location: 2F
2-2: Ball
3-2: DOUBLE (Groundball, 3L, EV 107.5 MPH)
Batting: RHB Brian Dayett 0-0: Called Strike
0-1: Ball
1-1: Swinging Strike
1-2: Foul Ball, location: 2F
1-2: Foul Ball, location: 2F
1-2: Ball
2-2: Foul Ball, location: 2F
2-2: Foul Ball, location: 2F
2-2: Ground out 4-3 (Groundball, 34, EV 75.6 MPH)
Bottom of the 1st over - 0 runs, 1 hit, 0 errors, 1 left on base; Wichita 0 - Tulsa 0
TOP OF THE 2ND
Wichita Aeros batting - Pitching for Tulsa Drillers : RHP Luis Garcia
Batting: RHB Henry Torres 0-0: Called Strike
0-1: Called Strike
0-2: Ball
1-2: Ball
2-2: Ground out 5-3 (Groundball, 56, EV 85.6 MPH)
Batting: LHB Ken Bolek 0-0: Foul Ball, location: 2F
0-1: Ball
1-1: Swinging Strike
1-2: Fly out, F8 (Flyball, 89D, EV 99.4 MPH)
Batting: RHB Gary House 0-0: Ball
1-0: Foul Ball, location: 2F
1-1: Ball
2-1: Called Strike
2-2: Foul Ball, location: 2F
2-2: Ball
3-2: SINGLE (Flyball, 78M, EV 92.5 MPH)
Batting: RHB Mark Hopper 0-0: Called Strike
0-1: Foul Ball, location: 2F
0-2: Ball
1-2: Ball
2-2: Ground out 6-3 (Groundball, 6D, EV 106.9 MPH)
Top of the 2nd over - 0 runs, 1 hit, 0 errors, 1 left on base; Wichita 0 - Tulsa 0
BOTTOM OF THE 2ND
Tulsa Drillers batting - Pitching for Wichita Aeros : RHP Jose Torres
Batting: SHB William Hamilton 0-0: Called Strike
0-1: Foul Ball, location: 2F
0-2: Ball
1-2: Fly out, F4 (Popup, 34D, EV 58.1 MPH)
Batting: RHB Victor Rios 0-0: Ball
1-0: Ground out 6-3 (Groundball, 6, EV 105.6 MPH)
Batting: RHB Glen Bockhorn 0-0: Foul Ball, location: 2F
0-1: Foul Ball, location: 2F
0-2: Ball
1-2: Ball
2-2: Ball
3-2: Ground out 6-3 (Groundball, 6, EV 85.0 MPH)
Bottom of the 2nd over - 0 runs, 0 hits, 0 errors, 0 left on base; Wichita 0 - Tulsa 0
TOP OF THE 3RD
Wichita Aeros batting - Pitching for Tulsa Drillers : RHP Luis Garcia
Batting: RHB Duane Gustavson 0-0: Foul Ball, location: 2F
0-1: Called Strike
0-2: Ball
1-2: Ball
2-2: Strikes out swinging
Batting: RHB Dave Hoenstine 0-0: Ground out 4-3 (Groundball, 4, EV 81.3 MPH)
Batting: RHB Mark Grady 0-0: Ground out 4-3 (Groundball, 4, EV 98.8 MPH)
Top of the 3rd over - 0 runs, 0 hits, 0 errors, 0 left on base; Wichita 0 - Tulsa 0
BOTTOM OF THE 3RD
Tulsa Drillers batting - Pitching for Wichita Aeros : RHP Jose Torres
Batting: RHB Onix Concepcion 0-0: Fly out, F3 (Popup, 3, EV 68.1 MPH)
Batting: RHB Roberto Alvarez 0-0: Ball
1-0: Bunt for hit to 2L - play at first, batter OUT! 2-3
Batting: LHB Casey Parsons 0-0: Swinging Strike
0-1: Ball
1-1: Swinging Strike
1-2: Ball
2-2: Ground out 4-3 (Groundball, 4, EV 84.4 MPH)
Bottom of the 3rd over - 0 runs, 0 hits, 0 errors, 0 left on base; Wichita 0 - Tulsa 0
TOP OF THE 4TH
Wichita Aeros batting - Pitching for Tulsa Drillers : RHP Luis Garcia
Batting: RHB Cressy Pratt 0-0: Called Strike
0-1: Called Strike
0-2: Ball
1-2: Ball
2-2: Foul Ball, location: 2F
2-2: SOLO HOME RUN (Flyball, 78XD, EV 103.8 MPH), Distance : 397 ft
Batting: LHB Glenn Gulliver 0-0: Fly out, F8 (Flyball, 89S, EV 75.0 MPH)
Batting: RHB Henry Torres 0-0: Ball
1-0: DOUBLE (Line Drive, 78D, EV 109.4 MPH)
Batting: LHB Ken Bolek 0-0: Ball
1-0: Ball
2-0: Ball
3-0: Called Strike
3-1: Base on Balls
Batting: RHB Gary House 0-0: Foul Ball, location: 2F
0-1: Swinging Strike
0-2: Strikes out swinging
Batting: RHB Mark Hopper 0-0: Ball
1-0: Called Strike
1-1: Foul Ball, location: 2F
1-2: Foul Ball, location: 2F
1-2: Ground out 4-3 (Groundball, 34, EV 105.6 MPH)
Top of the 4th over - 1 run, 2 hits, 0 errors, 2 left on base; Wichita 1 - Tulsa 0
BOTTOM OF THE 4TH
Tulsa Drillers batting - Pitching for Wichita Aeros : RHP Jose Torres
Batting: RHB Steve Lubratich 0-0: Ball
1-0: Ball
2-0: Swinging Strike
2-1: Called Strike
2-2: Ball
3-2: Base on Balls
Batting: LHB Jim Adduci 0-0: Ball
1-0: Fly out, F4 (Flyball, 4D, EV 88.8 MPH)
Batting: RHB Brian Dayett 0-0: Called Strike
0-1: Ball
1-1: Ball
2-1: Ball
3-1: Fly out, F8 (Flyball, 89S, EV 85.6 MPH)
Batting: SHB William Hamilton 0-0: Swinging Strike
0-1: 2-RUN HOME RUN (Line Drive, 7D, EV 99.4 MPH), Distance : 365 ft
Batting: RHB Victor Rios 0-0: Ball
1-0: Ball
2-0: Swinging Strike
2-1: Foul Ball, location: 2F
2-2: Foul Ball, location: 2F
2-2: SINGLE (Groundball, 6MD, EV 108.8 MPH)
Batting: RHB Glen Bockhorn 0-0: Swinging Strike
0-1: Foul Ball, location: 2F
0-2: Ball
1-2: Ground out 5-3 (Groundball, 56S, EV 86.9 MPH)
Bottom of the 4th over - 2 runs, 2 hits, 0 errors, 1 left on base; Wichita 1 - Tulsa 2
TOP OF THE 5TH
Wichita Aeros batting - Pitching for Tulsa Drillers : RHP Luis Garcia
Batting: RHB Duane Gustavson 0-0: Ball
1-0: Called Strike
1-1: SINGLE (Groundball, 5D, EV 103.1 MPH)
Batting: RHB Dave Hoenstine 0-0: Ball
1-0: Bunt missed!
1-1: Ball
2-1: Bunt missed!
2-2: Ball
3-2: Fly out, F8 (Line Drive, 8LM, EV 93.8 MPH)
Batting: RHB Mark Grady 0-0: Ball
1-0: Swinging Strike
1-1: Ball
2-1: Foul Ball, location: 2F
2-2: Strikes out looking
Batting: RHB Cressy Pratt 0-0: Called Strike
0-1: Ball
1-1: Ball
2-1: Called Strike
2-2: Strikes out swinging
Top of the 5th over - 0 runs, 1 hit, 0 errors, 1 left on base; Wichita 1 - Tulsa 2
BOTTOM OF THE 5TH
Tulsa Drillers batting - Pitching for Wichita Aeros : RHP Jose Torres
Batting: RHB Onix Concepcion 0-0: Fly out, F3 (Line Drive, 3, EV 68.1 MPH)
Batting: RHB Roberto Alvarez 0-0: Foul Ball, location: 2F
0-1: TRIPLE (Flyball, 89XD, EV 100.0 MPH)
Batting: LHB Casey Parsons 0-0: Intentional Walk
Batting: RHB Steve Lubratich 0-0: Called Strike
0-1: Ball
1-1: SINGLE (Groundball, 3D, EV 97.5 MPH)
Roberto Alvarez scores
Casey Parsons to second
Runner from 2nd tries for 3rd, SAFE, throw by RF made to third
Batting: LHB Jim Adduci 0-0: Ball
1-0: Fly out, F7 (Flyball, 7S, EV 90.6 MPH)
Batting: RHB Brian Dayett 0-0: Foul Ball, location: 2F
0-1: Called Strike
0-2: Ball
1-2: Ball
2-2: Ground out 4-3 (Groundball, 34, EV 81.3 MPH)
Bottom of the 5th over - 1 run, 2 hits, 0 errors, 2 left on base; Wichita 1 - Tulsa 3
TOP OF THE 6TH
Wichita Aeros batting - Pitching for Tulsa Drillers : RHP Luis Garcia
Batting: LHB Glenn Gulliver 0-0: Called Strike
0-1: Foul Ball, location: 2F
0-2: Foul Ball, location: 2F
0-2: Ball
1-2: Foul Ball, location: 2F
1-2: Ball
2-2: Foul Ball, location: 2F
2-2: Ground out 4-3 (Groundball, 34D, EV 101.3 MPH)
Batting: RHB Henry Torres 0-0: Called Strike
0-1: Ball
1-1: Foul Ball, location: 2F
1-2: SOLO HOME RUN (Flyball, 7LD, EV 90.0 MPH), Distance : 335 ft
Batting: LHB Ken Bolek 0-0: Called Strike
0-1: Ball
1-1: Foul Ball, location: 2F
1-2: Ball
2-2: Ball
3-2: Base on Balls
Batting: RHB Gary House 0-0: Ball
Ken Bolek steals 2nd base
1-0: Ball
Wild Pitch!
Ken Bolek to third
2-0: Foul Ball, location: 2F
2-1: Fly out, F8 (Flyball, 78M, EV 94.4 MPH)
Runner from 3rd tags up, SCORES, throw by CF
Batting: RHB Mark Hopper 0-0: Called Strike
0-1: Foul Ball, location: 2F
0-2: Ball
1-2: Foul Ball, location: 2F
1-2: Ball
2-2: Ground out 3-1 (Groundball, 34, EV 103.1 MPH)
Top of the 6th over - 2 runs, 1 hit, 0 errors, 0 left on base; Wichita 3 - Tulsa 3
BOTTOM OF THE 6TH
Tulsa Drillers batting - Pitching for Wichita Aeros : RHP Jose Torres
Batting: SHB William Hamilton 0-0: Ball
1-0: Foul Ball, location: 2F
1-1: Fly out, F9 (Line Drive, 9, EV 86.9 MPH)
Batting: RHB Victor Rios 0-0: Called Strike
0-1: Ball
1-1: SINGLE (Flyball, 9S, EV 90.6 MPH)
Batting: RHB Glen Bockhorn 0-0: Ball
1-0: SINGLE (Groundball, 6MD, EV 104.4 MPH)
Victor Rios to second
Runner from 2nd tries for 3rd, SAFE, no throw by CF
Batting: RHB Onix Concepcion 0-0: Foul Ball, location: 2F
0-1: Ball
1-1: Ball
2-1: Ball
3-1: Base on Balls
Glen Bockhorn to second
Batting: RHB Roberto Alvarez 0-0: Foul Ball, location: 2F
0-1: DOUBLE (Flyball, 8LD, EV 96.9 MPH)
Victor Rios scores
Glen Bockhorn scores
Onix Concepcion to third
Batting: LHB Casey Parsons 0-0: Intentional Walk
Pitching: LHP Donnelly Douglas
Batting: RHB Steve Lubratich 0-0: Called Strike
0-1: Fly out, F7 (Flyball, 78M, EV 94.4 MPH)
Runner from 3rd tags up, SCORES, throw by LF
Batting: LHB Jim Adduci 0-0: Reached on error, E4 (Groundball, 4M, EV 88.1 MPH)
Roberto Alvarez to third
Casey Parsons to second
Batting: RHB Brian Dayett 0-0: Foul Ball, location: 2F
0-1: Foul Ball, location: 2F
0-2: Foul Ball, location: 2F
0-2: Ball
1-2: Ball
2-2: Foul Ball, location: 2F
2-2: Ground out U3 (Groundball, 3S, EV 69.4 MPH)
Bottom of the 6th over - 3 runs, 3 hits, 1 error, 3 left on base; Wichita 3 - Tulsa 6
TOP OF THE 7TH
Wichita Aeros batting - Pitching for Tulsa Drillers : RHP Luis Garcia
Batting: RHB Duane Gustavson 0-0: Foul Ball, location: 2F
0-1: Ball
1-1: Swinging Strike
1-2: Ball
2-2: Strikes out swinging
Batting: RHB Dave Hoenstine 0-0: Called Strike
0-1: Ball
1-1: Ground out 1-3 (Groundball, 13S, EV 70.6 MPH)
Batting: RHB Mark Grady 0-0: Ground out 4-3 (Groundball, 4M, EV 96.3 MPH)
Top of the 7th over - 0 runs, 0 hits, 0 errors, 0 left on base; Wichita 3 - Tulsa 6
BOTTOM OF THE 7TH
Tulsa Drillers batting - Pitching for Wichita Aeros : LHP Donnelly Douglas
Batting: SHB William Hamilton 0-0: SINGLE (Groundball, 6MD, EV 96.9 MPH)
Batting: RHB Victor Rios 0-0: Ground out 6-3 (Groundball, 6S, EV 70.6 MPH)
William Hamilton to second
Batting: RHB Glen Bockhorn 0-0: Intentional Walk
Batting: RHB Onix Concepcion 0-0: Ball
1-0: Fielders Choice at 2nd, 5-4 (Groundball, 56, EV 82.5 MPH)
William Hamilton to third
Batting: RHB Roberto Alvarez 0-0: Called Strike
0-1: Foul Ball, location: 2F
0-2: Strikes out swinging
Bottom of the 7th over - 0 runs, 1 hit, 0 errors, 2 left on base; Wichita 3 - Tulsa 6
TOP OF THE 8TH
Wichita Aeros batting - Pitching for Tulsa Drillers : RHP Luis Garcia
Batting: RHB Cressy Pratt 0-0: Ball
1-0: Ball
2-0: Called Strike
2-1: Foul Ball, location: 2F
2-2: Ball
3-2: Foul Ball, location: 2F
3-2: Foul Ball, location: 2F
3-2: Ground out 4-3 (Groundball, 4, EV 91.3 MPH)
Batting: LHB Glenn Gulliver 0-0: Foul Ball, location: 2F
0-1: Ball
1-1: Ball
2-1: Ball
3-1: Foul Ball, location: 2F
3-2: SOLO HOME RUN (Flyball, 9LD, EV 110.6 MPH), Distance : 336 ft
Batting: RHB Henry Torres 0-0: Ball
1-0: Foul Ball, location: 2F
1-1: Ball
2-1: Swinging Strike
2-2: Foul Ball, location: 2F
2-2: Ball
3-2: Base on Balls
Pitching: RHP Tom D Brown
Batting: LHB Ken Bolek 0-0: Ball
1-0: Ball
2-0: Ball
3-0: Called Strike
3-1: Base on Balls
Henry Torres to second
Batting: RHB Gary House 0-0: Ball
1-0: Ball
2-0: Foul Ball, location: 2F
2-1: Called Strike
2-2: Ball
3-2: Grounds into double play, 6-4-3 (Groundball, 56, EV 85.0 MPH)
Top of the 8th over - 1 run, 1 hit, 0 errors, 1 left on base; Wichita 4 - Tulsa 6
BOTTOM OF THE 8TH
Tulsa Drillers batting - Pitching for Wichita Aeros : LHP Donnelly Douglas
Batting: LHB Casey Parsons 0-0: Called Strike
0-1: Ball
1-1: Fly out, F8 (Line Drive, 8RM, EV 86.9 MPH)
Batting: RHB Steve Lubratich 0-0: Foul Ball, location: 2F
0-1: Fly out, F8 (Flyball, 89D, EV 107.5 MPH)
Batting: LHB Jim Adduci 0-0: Ball
1-0: Ball
2-0: Called Strike
2-1: Ball
3-1: Base on Balls
Pitching: RHP Roger Erickson
Batting: RHB Brian Dayett 0-0: Ball
1-0: Foul Ball, location: 2F
1-1: Ball
2-1: Called Strike
2-2: Fly out, F9 (Flyball, 89M, EV 73.1 MPH)
Bottom of the 8th over - 0 runs, 0 hits, 0 errors, 1 left on base; Wichita 4 - Tulsa 6
TOP OF THE 9TH
Wichita Aeros batting - Pitching for Tulsa Drillers : RHP Tom D Brown
Batting: RHB Mark Hopper 0-0: DOUBLE (Line Drive, 8LD, EV 106.3 MPH)
Pinch Hitting: LHB James Pellack 0-0: Ball
1-0: Called Strike
1-1: Foul Ball, location: 2F
1-2: SINGLE (Line Drive, 4MD, EV 98.1 MPH)
Mark Hopper to third
Batting: RHB Dave Hoenstine 0-0: Ball
1-0: Fly out, F6 (Popup, P, EV 70.0 MPH)
Batting: RHB Mark Grady 0-0: Called Strike
0-1: Ball
1-1: Fly out, F8 (Line Drive, 8RD, EV 85.0 MPH)
Batting: RHB Cressy Pratt 0-0: Called Strike
0-1: Ball
1-1: Ball
2-1: Ball
3-1: SINGLE (Groundball, 5D, EV 96.9 MPH)
Mark Hopper scores
James Pellack to second
Runner from 2nd tries for 3rd, SAFE, no throw by LF
Batting: LHB Glenn Gulliver 0-0: SINGLE (Groundball, 6S, EV 71.3 MPH) (infield hit)
James Pellack scores
Cressy Pratt to second
Batting: RHB Henry Torres 0-0: Ball
1-0: Called Strike
1-1: Fly out, F8 (Flyball, 8RS, EV 88.8 MPH)
Top of the 9th over - 2 runs, 4 hits, 0 errors, 2 left on base; Wichita 6 - Tulsa 6
BOTTOM OF THE 9TH
Tulsa Drillers batting - Pitching for Wichita Aeros : RHP Roger Erickson
Pitching: RHP Jack Lazorko
Now at C: Andy Pasillas
Batting: SHB William Hamilton 0-0: Called Strike
0-1: Swinging Strike
0-2: Ball
1-2: Strikes out swinging
Batting: RHB Victor Rios 0-0: Ball
1-0: SINGLE (Groundball, 6MD, EV 96.3 MPH)
Batting: RHB Glen Bockhorn 0-0: Ball
1-0: Foul Ball, location: 2F
1-1: Fly out, F8 (Flyball, 8LM, EV 90.6 MPH)
Pinch Hitting: SHB Paul Householder 0-0: SINGLE (Line Drive, 5D, EV 96.3 MPH)
Victor Rios to second
Batting: RHB Roberto Alvarez 0-0: Ball
1-0: SINGLE (Groundball, 5S, EV 70.6 MPH) (infield hit)
Victor Rios to third
Paul Householder to second
Batting: LHB Casey Parsons 0-0: Ball
1-0: Fly out, F9 (Line Drive, 9D, EV 105.6 MPH)
Bottom of the 9th over - 0 runs, 3 hits, 0 errors, 3 left on base; Wichita 6 - Tulsa 6
TOP OF THE 10TH
Wichita Aeros batting - Pitching for Tulsa Drillers : RHP Tom D Brown
Pitching: LHP Jeff Schneider
Now at 2B: Kim Allen
Batting: LHB Ken Bolek 0-0: Called Strike
0-1: Ball
1-1: Ball
2-1: Foul Ball, location: 2F
2-2: Foul Ball, location: 2F
2-2: Ball
3-2: Strikes out swinging
Batting: RHB Gary House 0-0: Ball
1-0: Foul Ball, location: 2F
1-1: Ball
2-1: Called Strike
2-2: Foul Ball, location: 2F
2-2: Ball
3-2: Base on Balls
Batting: RHB Mark Hopper 0-0: Ball
1-0: Ball
2-0: Ball
3-0: Base on Balls
Gary House to second
Batting: RHB Andy Pasillas 0-0: Foul Ball, location: 2F
0-1: Ball
1-1: Ball
2-1: Sac Bunt to 13S - play at first, batter OUT! 1-3
Gary House to third
Mark Hopper to second
Batting: RHB Dave Hoenstine 0-0: Ball
1-0: Ball
2-0: Called Strike
2-1: Swinging Strike
2-2: Foul Ball, location: 2F
2-2: Ball
3-2: DOUBLE (Line Drive, 89D, EV 113.8 MPH)
Gary House scores
Mark Hopper scores
Batting: RHB Mark Grady 0-0: Swinging Strike
0-1: Ground out 1-3 (Groundball, P, EV 63.8 MPH)
Top of the 10th over - 2 runs, 1 hit, 0 errors, 1 left on base; Wichita 8 - Tulsa 6
BOTTOM OF THE 10TH
Tulsa Drillers batting - Pitching for Wichita Aeros : RHP Jack Lazorko
Pitching: RHP Joey McLaughlin
Now at 3B: Jesus Ramos
Now in RF: Aquiles Bautista
Batting: RHB Steve Lubratich 0-0: Ball
1-0: Foul Ball, location: 2F
1-1: Swinging Strike
1-2: Ground out U3 (Groundball, 34, EV 85.6 MPH)
Batting: LHB Jim Adduci 0-0: Ball
1-0: Foul Ball, location: 2F
1-1: Called Strike
1-2: Ball
2-2: Foul Ball, location: 2F
2-2: Foul Ball, location: 2F
2-2: Fly out, F9 (Line Drive, 9, EV 105.6 MPH)
Batting: RHB Brian Dayett 0-0: Called Strike
0-1: Fly out, F8 (Flyball, 89M, EV 88.8 MPH)
Bottom of the 10th over - 0 runs, 0 hits, 0 errors, 0 left on base; Wichita 8 - Tulsa 6
Friday, August 14th, 2020 - OOTP Baseball 21.5 Build 76